 Dungeon Crawl Stone Soup version 0.26.1 (webtiles) character file.

Game seed: 4927382894865974091

2375 Gadfly the Combatant (level 9, -1/80 HPs)
             Began as an Ogre Gladiator on Feb 6, 2021.
             Was a Follower of Okawaru.
             Slain by a killer bee (12 damage)
             ... on level 8 of the Dungeon.
             The game lasted 00:11:09 (11648 turns).

Gadfly the Combatant (Ogre Gladiator)              Turns: 11648, Time: 00:11:09

Health: -1/80      AC:  4    Str: 26    XL:     9   Next: 45%
Magic:  12/14      EV: 13    Int:  9    God:    Okawaru [*.....]
Gold:   294        SH:  0    Dex: 10    Spells: 7/8 levels left

rFire    . . .     SeeInvis .   b - +8 war axe "Mitin" {flame, Str+3}
rCold    . . .     Faith    .   (no shield)
rNeg     . . .     Spirit   .   t - +0 robe
rPois    .         Reflect  .   c - +1 hat
rElec    .         Harm     +   j - scarf {harm}
rCorr    .         Rampage  .   (gloves unavailable)
Will     .....                  (boots unavailable)
Stlth    +++.......             v - amulet of the acrobat
HPRegen  0.23/turn              l - ring of flight
MPRegen  0.14/turn              (no ring)

@: lethally poisoned (-1 -> -13), heroism
A: large, unfitting armour, tough skin 1
a: Renounce Religion, Evoke Flight, Heroism


You were on level 8 of the Dungeon.
You worshipped Okawaru.
Okawaru was aware of your devotion.
You visited 1 branch of the dungeon, and saw 8 of its levels.

You collected 426 gold pieces.
You spent 132 gold pieces at shops.

Inventory:

Hand Weapons
 a - a +1 flail of draining
 b - the +8 war axe "Mitin" (weapon) {flame, Str+3}
   (You found it on level 7 of the Dungeon)

   It has been specially enchanted to burn those struck by it, causing extra
   injury to most foes and up to half again as much damage against particularly
   susceptible opponents.
   Big, fiery blades are also staple armaments of hydra-hunters.
   It affects your strength (+3).
 u - a +0 giant club
Missiles
 d - 4 throwing nets
 s - 5 boomerangs (quivered)
Armour
 c - a +1 hat (worn)
 j - a scarf of harm (worn)
 t - a +0 robe (worn)
Jewellery
 l - a ring of flight (left hand)
 r - an uncursed amulet of magic regeneration {unknown}
 v - an amulet of the acrobat (around neck)
Wands
 i - a wand of flame (1)
Scrolls
 e - 7 scrolls of remove curse
 h - a scroll of blinking
 k - 2 scrolls of fear
 p - 3 scrolls of teleportation
Potions
 f - a potion of mutation
 g - 3 potions of heal wounds
 m - 3 potions of might
 n - a potion of haste
 o - a potion of ambrosia
 q - a potion of curing


   Skills:
 - Level 2.6(7.6) Fighting
 + Level 4.6(9.6) Maces & Flails
 + Level 4.6(9.6) Throwing
 * Level 5.0(10.0) Armour
 - Level 2.6(7.6) Dodging
 * Level 6.7 Invocations
 * Level 5.0 Evocations


You had 7 spell levels left.
You knew the following spells:

 Your Spells              Type           Power        Failure   Level
a - Summon Small Mammal   Summ           0%           38%         1

Your spell library contained the following spells:

 Spells                   Type           Power        Failure   Level
 Call Imp                 Summ           0%           52%         2
 Call Canine Familiar     Summ           0%           77%         3
 Summon Guardian Golem    Hex/Summ       0%           77%         3
 Summon Ice Beast         Ice/Summ       0%           99%         4
 Summon Lightning Spire   Summ/Air       0%           99%         4


Dungeon Overview and Level Annotations

Branches:
Dungeon (8/15)             Temple (0/1) D:5
   Lair: D:8-11

Altars:
Elyvilon
Fedhas
Hepliaklqana
Makhleb
Nemelex Xobeh
Okawaru
Ru
Trog
Vehumet
Xom

Shops:
D:4 ?   D:7 (

Annotations:
D:3 3 runed translucent doors, Eryximachus's ghost, amateur DrTm


Innate Abilities, Weirdness & Mutations

You are too large for most types of armour.
You have tough skin. (AC +1)


Message History

The killer bee closely misses you. x2; The killer bee stings you.
You slice the killer bee!! You burn the killer bee.
You kill the killer bee!
Okawaru accepts your kill.
You feel sick. The killer bee misses you. The killer bee stings you!
* * * LOW HITPOINT WARNING * * *
You are more poisoned.
The killer bee poisons you!
You gain the combat prowess of a mighty hero.
You feel sick. The killer bee closely misses you.
A killer bee comes into view.
The killer bee closely misses you.
You closely miss the killer bee.
You feel sick. The killer bee stings you.
* * * LOW HITPOINT WARNING * * *
The killer bee closely misses you.
You hit the killer bee. You burn the killer bee.
The killer bee is moderately wounded.
* * * LOW HITPOINT WARNING * * *
You feel sick. The killer bee stings you!
You die...

##### ##_._##
###############.....#
+............>##...####
##....[......##.##...
#..#######.###'#####
#..## #............
#...# #.#.#########
#.#@# #.#.# # #.#y## #
#.# # #.#y.# #.# ######
#.##.# ... .....) #.
#(# #.# ###### #. #.##
#.# #. #.(# ##.## #((#


You could see 2 killer bees.

Vanquished Creatures
  Eustachio (D:4)
  Menkaure (D:6)
  2 ice beasts (D:6)
  A phantom (D:4)
  3 ogres
  A centaur (D:8)
  A bullfrog (D:6)
  4 scorpions
  A killer bee (D:8)
  8 wights
  A crimson imp (D:8)
  4 hounds
  An orc priest (D:4)
  A jelly (D:6)
  2 orc wizards
  A bullfrog skeleton (D:7)
  Jessica (D:2)
  Terence (D:2)
  Natasha (thrice) (D:2)
  7 worker ants
  A hound zombie (D:5)
  A worker ant zombie (D:7)
  10 adders
  3 gnolls
  A shadow imp (D:8)
  A white imp (D:8)
  An ufetubus (D:8)
  2 adder zombies
  3 worms
  A dart slug (D:1)
  3 leopard geckos
  9 orcs
  4 giant cockroaches
  10 goblins
  12 hobgoblins
  3 jackals (D:3)
  3 quokkas
  2 ball pythons
  7 bats
  6 frilled lizards
  A jackal zombie (D:6)
  9 kobolds
  A quokka skeleton (D:4)
  10 rats
149 creatures vanquished.

Notes
Turn   | Place    | Note
-------+----------+-------------------------------------------
     0 | D:1      | Gadfly the Ogre Gladiator began the quest for the Orb.
     0 | D:1      | Reached XP level 1. HP: 22/22 MP: 1/1
   300 | D:1      | Reached XP level 2. HP: 27/29 MP: 2/2
   349 | D:1      | Reached skill level 1 in Invocations
   599 | D:1      | Reached skill level 1 in Evocations
   599 | D:1      | Reached XP level 3. HP: 4/36 MP: 3/3
  1461 | D:2      | Found a blossoming altar of Fedhas.
  1517 | D:2      | Reached skill level 1 in Armour
  1610 | D:2      | Reached XP level 4. HP: 20/44 MP: 5/5
  2010 | D:2      | Noticed Jessica
  2015 | D:2      | Reached skill level 2 in Invocations
  2022 | D:2      | Killed Jessica
  2404 | D:2      | Noticed Terence
  2414 | D:2      | Killed Terence
  2415 | D:2      | Reached XP level 5. HP: 47/49 MP: 6/6
  2601 | D:2      | Noticed Natasha
  2607 | D:2      | Killed Natasha
  2757 | D:2      | Noticed Natasha
  2768 | D:2      | Killed Natasha
  3002 | D:2      | Found a shimmering altar of Xom.
  3003 | D:2      | Found a hazy altar of Hepliaklqana.
  3008 | D:2      | Noticed a spectral ugly thing
  3103 | D:2      | Found a sparkling altar of Nemelex Xobeh.
  3107 | D:2      | You fall into a shaft and drop 1 floor!
  3429 | D:2      | Noticed Natasha
  3433 | D:2      | Killed Natasha
  3434 | D:2      | Reached XP level 6. HP: 53/59 MP: 8/8
  3580 | D:3      | Reached skill level 3 in Invocations
  3681 | D:3      | Found a white marble altar of Elyvilon.
  3714 | D:3      | Became a worshipper of Elyvilon the Healer
  3715 | D:3      | Fell from the grace of Elyvilon
  4031 | D:3      | Found a runed translucent gate.
  4031 | D:3      | Found a runed translucent gate.
  4031 | D:3      | Found a runed translucent gate.
  4031 | D:3      | Noticed Eryximachus's ghost (amateur DrTm)
  4612 | D:4      | Found Jothricli's Magic Scroll Shop.
  4620 | D:4      | Bought a scroll of blinking for 90 gold pieces
  4620 | D:4      | Bought a scroll of fear for 42 gold pieces
  5080 | D:4      | Found a blossoming altar of Fedhas.
  5191 | D:4      | Noticed a phantom
  5208 | D:4      | Killed a phantom
  5209 | D:4      | Reached XP level 7. HP: 29/66 MP: 9/9
  5699 | D:4      | Noticed Eustachio
  5709 | D:4      | Killed Eustachio
  5710 | D:4      | Reached skill level 4 in Invocations
  6190 | D:4      | Found a sacrificial altar of Ru.
  6424 | D:5      | Entered Level 5 of the Dungeon
  6475 | D:5      | Found an iron altar of Okawaru.
  6499 | D:5      | Became a worshipper of Warmaster Okawaru
  7016 | D:5      | Found a staircase to the Ecumenical Temple.
  7250 | D:5      | Found a bloodstained altar of Trog.
  7665 | D:5      | Reached XP level 8. HP: 22/74 MP: 11/11
  8417 | D:6      | Learned a level 1 spell: Summon Small Mammal
  8456 | D:6      | Reached skill level 5 in Invocations
  8651 | D:6      | Reached * piety under Okawaru
  9456 | D:6      | Noticed Menkaure
  9465 | D:6      | Killed Menkaure
  9981 | D:6      | Reached skill level 6 in Invocations
  9981 | D:6      | Reached XP level 9. HP: 53/80 MP: 13/13
 10975 | D:7      | Found Omism's Antique Weapon Shop.
 11357 | D:7      | Got an ichor-stained war axe
 11358 | D:7      | Identified the +8 war axe "Mitin" {flame, Str+3} (You found
                  | it on level 7 of the Dungeon)
 11414 | D:8      | Found a burning altar of Makhleb.
 11415 | D:8      | Found a radiant altar of Vehumet.
 11470 | D:8      | Reached skill level 5 in Evocations
 11485 | D:8      | Reached skill level 5 in Armour
 11645 | D:8      | Reached ** piety under Okawaru
 11648 | D:8      | Slain by a killer bee

Illustrated notes

Levels and vault maps discovered:
D:1:      nagdon_arrival_double_spiral, layout_rooms, minmay_pentomino_o2
D:2:      minmay_skewed_foursquare, layout_loops_corners,
          regret_index_temple_of_mockery, lemuel_round_altar, fedhas_altar_2,
          uniq_terence, uniq_jessica, uniq_natasha
D:3:      layout_basic, elyvilon_altar_5, ebering_ghost_rock_garden,
          chequers_serial_rivers_large_a
D:4:      layout_basic, general_overflow_altar, lemuel_crystal_altar,
          serial_shops, shop, hangedman_decor_diamond_cutter, uniq_eustachio
D:5:      layout_gridville, okawaru_altar_gauntlet_db, lightli_temple_of_fire,
          minmay_temple_entry_overgrown, kennysheep_another_room,
          grunt_tough_drop
D:6:      layout_rooms, uniq_menkaure
D:7:      layout_gridville, serial_shops, nicolae_shop_waterfront
D:8:      layout_basic, grunt_temple_overflow_lords_of_destruction,
          nicolae_tso_carved_into_rock, special_room [special_room_orc]

Skill      XL: |  1  2  3  4  5  6  7  8  9 |
---------------+----------------------------+-----
Invocations    | 1 2 3 4 6 |  6.7
Evocations     | 1 2 3 4 5 |  5.0
Armour         | 1 2 3 4 5 |  5.0
Maces & Flails | 3 4 |  4.6
Throwing       | 3 4 |  4.6
Fighting       | |  2.6
Dodging        | |  2.6

Action                   |  1- 3 |  4- 6 |  7- 9 || total
-------------------------+-------+-------+-------++-------
Melee: Flail             |   125 |   149 |   206 ||   480
       War axe           |       |       |    16 ||    16
       Mace              |       |       |    12 ||    12
Throw: Throwing net      |     1 |       |       ||     1
       Stone             |     4 |    13 |    19 ||    36
       Boomerang         |       |       |    10 ||    10
Invok: Renounce Religion |       |     1 |       ||     1
       Heroism           |       |       |     1 ||     1
  Use: Scroll            |     5 |     5 |     3 ||    13
       Potion            |       |     3 |     4 ||     7
 Stab: Held in net/web   |     1 |       |       ||     1
       Sleeping          |       |       |     1 ||     1
Armor: Robe              |    50 |    40 |    52 ||   142
Dodge: Dodged            |    74 |    87 |   157 ||   318
